 Dungeon Crawl Stone Soup version 0.20.1-1-g8b1a95d (webtiles) character file.

3359 FerrousOx the Cleaver (level 9, -2/90 HPs)
             Began as a Minotaur Berserker on July 30, 2017.
             Was a High Priest of Trog.
             Slain by a two-headed ogre
             ... wielding a +0 giant club
              (20 damage)
             ... on level 8 of the Dungeon.
             The game lasted 00:35:06 (5635 turns).

FerrousOx the Cleaver (Minotaur Berserker)          Turns: 5635, Time: 00:35:06

Health: -2/90      AC:  4    Str: 25    XL:     9   Next: 73%
Magic:  10/10      EV: 14    Int:  6    God:    Trog [*****.]
Gold:   94         SH:  0    Dex: 10    Spells: 8/8 levels left

rFire    . . .     SeeInvis +   w - +2 hand axe (chop)
rCold    . . .     Gourm    .   (no shield)
rNeg     . . .     Faith    .   C - +0 leather armour {MR+}
rPois    .         Spirit   .   (helmet restricted)
rElec    .         Reflect  .   (no cloak)
rCorr    .         Harm     .   x - +0 pair of gloves
MR       +....                  (no boots)
Stlth    +.........             e - amulet of rage
Regen    0.3/turn               y - ring of flight
MPRegen  0.2/turn               t - ring of see invisible

@: no status effects
A: retaliatory headbutt, horns 2, clever 1, robust 1
a: Berserk, Trog's Hand, Brothers in Arms, Burn Spellbooks, Renounce Religion,
Evoke Berserk Rage, Evoke Flight


You were on level 8 of the Dungeon.
You worshipped Trog.
Trog was extremely pleased with you.
You were not hungry.

You visited 1 branch of the dungeon, and saw 8 of its levels.

You collected 259 gold pieces.
You spent 165 gold pieces at shops.

Inventory:

Hand Weapons
 a - a +0 hand axe
 w - a +2 hand axe of chopping (weapon)
 H - a +2 rapier of draining
 K - a +2 long sword of protection
Missiles
 F - 7 tomahawks (quivered)
Armour
 b - a +1 animal skin
 m - a +3 leather armour
 x - a +0 pair of gloves (worn)
 C - a +0 leather armour of magic resistance (worn)
 D - a +2 robe of magic resistance
Jewellery
 e - an amulet of rage (around neck)
 t - a ring of see invisible (right hand)
 y - a ring of flight (left hand)
 J - an uncursed ring of wizardry
Wands
 f - a wand of paralysis (12/24)
 E - a wand of iceblast (6/15)
 G - a wand of polymorph (10/24)
Scrolls
 g - 4 scrolls of teleportation
 h - 2 scrolls of amnesia
 k - 3 scrolls of remove curse
 l - 4 scrolls of enchant armour
 o - a scroll of magic mapping
 u - a scroll of immolation
 v - a scroll of recharging
 A - a scroll of fog
 I - a scroll of acquirement {unknown}
Potions
 d - 2 potions of mutation
 i - a potion of flight {unknown}
 j - 3 potions of magic
 p - a potion of brilliance {unknown}
 s - a potion of degeneration {unknown}
 z - a potion of invisibility {unknown}
Comestibles
 c - 4 bread rations
 n - 2 meat rations
 r - 4 royal jellies
 B - a chunk of flesh


   Skills:
 + Level 8.5 Fighting
 + Level 11.5 Axes
 + Level 5.2 Armour
 + Level 6.6 Dodging
 - Level 1.0 Stealth
 * Level 3.1 Evocations


You had 8 spell levels left.
You didn't know any spells.

Dungeon Overview and Level Annotations

Branches:
Dungeon (8/15)             Temple (0/1) D:4
   Lair: D:8-11

Altars:
Fedhas
Gozag
Kikubaaqudgha
Nemelex Xobeh
Qazlal
Xom

Shops:
D:4 =


Innate Abilities, Weirdness & Mutations

You reflexively headbutt those who attack you in melee.
You have a pair of horns on your head.
Your mind is acute. (Int +2)
You are robust. (+10% HP)


Message History

The two-headed ogre misses you.
The two-headed ogre hits you with a giant club.
You slash the two-headed ogre!
The two-headed ogre is heavily wounded.
You hit the two-headed ogre.
The two-headed ogre is heavily wounded.
The two-headed ogre hits you with a giant club!!
The two-headed ogre hits you with a giant club!
* * * LOW HITPOINT WARNING * * *
A necrophage comes into view.
You slash the two-headed ogre!
The two-headed ogre is severely wounded.
The two-headed ogre hits you with a giant club!
* * * LOW HITPOINT WARNING * * *
The two-headed ogre hits you with a giant club.
* * * LOW HITPOINT WARNING * * *
You feel better.
You feel better. The two-headed ogre barely misses you.
The two-headed ogre hits you with a giant club!!
You die...

#.# #.#.
#####.#.. .
#.....#.. .
#.###.#.# .##
#.#####.#####...
#.....#......#
#####.#.O....#
#.#.@....#
#)#)))...#
#.)......#
#........#
#.#.........
#.#......n...
#.#..........
#.#..........
#.#..........


You could see a two-headed ogre and a necrophage.

Vanquished Creatures
  The ghost of Morgon the Martial Artist, a novice MfTm (D:4)
  2 trolls (D:7)
  An ice beast (D:6)
  2 orc warriors
  A black bear (D:7)
  A phantom (D:5)
  2 ogres
  4 centaurs
  A big kobold (D:7)
  A bullfrog (D:7)
  5 scorpions
  A howler monkey (D:5)
  2 bullfrog zombies
  5 crimson imps
  2 hounds
  3 jellies
  3 orc priests
  8 orc wizards
  A centaur skeleton (D:6)
  4 worker ants
  2 iguanas
  Ijyb (D:4)
  A killer bee zombie (D:6)
  2 worker ant zombies
  7 gnolls (D:5)
  9 adders
  A shadow imp (D:6)
  2 oozes (D:5)
  An adder zombie (D:5)
  A worm (D:1)
  A dart slug (D:3)
  8 leopard geckos
  18 orcs
  5 bats
  7 giant cockroaches
  3 hobgoblins
  4 jackals (D:5)
  7 quokkas
  A ball python (D:5)
  7 frilled lizards
  4 goblins
  2 kobolds (D:3)
  A leopard gecko zombie (D:7)
  A quokka zombie (D:6)
  8 rats
154 creatures vanquished.

Vanquished Creatures (others)
  A human (D:5)
1 creature vanquished.

Grand Total: 155 creatures vanquished

Notes
Turn   | Place    | Note
-------+----------+-------------------------------------------
     0 | D:1      | FerrousOx the Minotaur Berserker began the quest for the Orb.
     0 | D:1      | Reached XP level 1. HP: 19/19 MP: 0/0
   259 | D:1      | Reached XP level 2. HP: 20/27 MP: 1/1
   260 | D:1      | Reached skill level 4 in Axes
   761 | D:2      | Reached XP level 3. HP: 31/33 MP: 2/2
   817 | D:2      | Reached ** piety under Trog
  1097 | D:3      | Reached XP level 4. HP: 32/40 MP: 3/3
  1163 | D:3      | Noticed an ogre
  1172 | D:3      | Killed an ogre
  1172 | D:3      | Reached skill level 5 in Axes
  1172 | D:3      | Reached XP level 5. HP: 33/47 MP: 4/4
  1406 | D:3      | Reached skill level 1 in Stealth
  1513 | D:4      | Found a staircase to the Ecumenical Temple.
  1532 | D:4      | Noticed Morgon's ghost (novice MfTm)
  1541 | D:4      | Killed Morgon's ghost
  1541 | D:4      | Reached skill level 5 in Fighting
  1541 | D:4      | Reached skill level 7 in Axes
  1541 | D:4      | Reached XP level 6. HP: 57/57 MP: 5/5
  1541 | D:4      | Reached XP level 7. HP: 62/62 MP: 6/6
  1556 | D:4      | Noticed Ijyb
  1562 | D:4      | Killed Ijyb
  1568 | D:4      | Found a stormy altar of Qazlal.
  2610 | D:4      | Found Nihehoh's Jewellery Emporium.
  2613 | D:4      | Bought an uncursed ring of see invisible for 165 gold pieces
  2680 | D:5      | Entered Level 5 of the Dungeon
  2771 | D:5      | Reached skill level 8 in Axes
  2771 | D:5      | Reached skill level 5 in Dodging
  2835 | D:5      | Found an opulent altar of Gozag.
  2871 | D:5      | Found an ancient bone altar of Kikubaaqudgha.
  2891 | D:5      | Reached XP level 8. HP: 35/71 MP: 7/7
  3134 | D:5      | Reached *** piety under Trog
  3138 | D:5      | Reached skill level 1 in Evocations
  3312 | D:5      | Reached skill level 9 in Axes
  3758 | D:6      | Gained mutation: You are robust. (+10% HP) [potion of mutation]
  3758 | D:6      | Gained mutation: Your mind is acute. (Int +2) [potion of mutation]
  3828 | D:6      | Reached skill level 10 in Axes
  3851 | D:6      | Found an opulent altar of Gozag.
  4033 | D:6      | Reached XP level 9. HP: 76/86 MP: 8/8
  4139 | D:6      | Reached **** piety under Trog
  4832 | D:7      | Found a shimmering altar of Xom.
  4843 | D:7      | Found a blossoming altar of Fedhas.
  4852 | D:7      | Found a sparkling altar of Nemelex Xobeh.
  5042 | D:7      | Noticed a troll
  5052 | D:7      | Killed a troll
  5052 | D:7      | Reached skill level 11 in Axes
  5052 | D:7      | Reached skill level 5 in Armour
  5204 | D:7      | Noticed a troll
  5221 | D:7      | Killed a troll
  5600 | D:8      | Reached ***** piety under Trog
  5624 | D:8      | Noticed a two-headed ogre
  5635 | D:8      | Slain by a two-headed ogre

Skill      XL: |  1  2  3  4  5  6  7  8  9 |
---------------+----------------------------+-----
Axes           | 4 5 7 8 10 11 | 11.5
Fighting       | 4 5 6 7 8 |  8.5
Armour         | 3 4 5 |  5.2
Dodging        | 4 5 6 |  6.6
Stealth        | 1 |  1.0
Evocations     | 1 3 |  3.1

Action                   |  1- 3 |  4- 6 |  7- 9 || total
-------------------------+-------+-------+-------++-------
Melee: Hand axe          |    60 |    38 |   271 ||   369
       Headbutt          |     8 |     6 |    53 ||    67
Throw: Tomahawk          |       |       |     1 ||     1
Invok: Burn Spellbooks   |       |     1 |     4 ||     5
       Berserk           |       |     1 |     4 ||     5
 Abil: Evoke Flight      |       |       |     1 ||     1
  Use: Scroll            |     4 |       |    10 ||    14
       Potion            |       |       |     6 ||     6
 Stab: Sleeping          |       |     1 |     2 ||     3
  Eat: Chunk             |       |     1 |     7 ||     8
       Fruit             |       |       |     5 ||     5
       Meat ration       |       |       |     1 ||     1
       Royal jelly       |       |       |     1 ||     1
Armor: Leather armour    |    11 |     6 |    55 ||    72
       Animal skin       |     4 |       |       ||     4
Dodge: Dodged            |    57 |    29 |   193 ||   279
